 Dungeon Crawl Stone Soup version 0.30-a0-1075-gcd70e7a56d (webtiles) character file.

Game seed: 2960666084478515994

4865 Esekla the Covert (level 10, -2/71 HPs)
             Began as an Octopode Delver on Apr 14, 2023.
             Was an Initiate of Gozag.
             Slain by a gnoll sergeant
             ... wielding a +5 vampiric trident
              (9 damage)
             ... on level 7 of the Dungeon.
             The game lasted 00:54:48 (8518 turns).

Esekla the Covert (Octopode Delver)                 Turns: 8518, Time: 00:54:49

Health: -2/71      AC:  8    Str: 11    XL:     10   Next: 50%
Magic:  17/17      EV: 15    Int: 23    God:    Gozag
Gold:   1466       SH:  0    Dex: 14    Spells: 19/19 levels left

rFire   . . .      SeeInvis .    s - +12 pair of quick blades "Gyre" and "Gimble" {protect}
rCold   . . .      Faith    .    (shield currently unavailable)
rNeg    + . .      Spirit   .    (helmet restricted)
rPois   +          Reflect  .    q - amulet of regeneration
rElec   .          Rampage  .    j - ring of wizardry
rCorr   .                        o - ring of willpower
Will    ++...                    p - ring of willpower
Stlth   +++++                    Q - +6 ring of intelligence
HPRegen 1.11/turn                K - ring of positive energy
MPRegen 0.15/turn                (no ring)
                                 (no ring)
                                 (no ring)

@: about to teleport, gold aura, under a protective aura
A: almost no armour, amphibious, 8 rings, camouflage 1, gelatinous body 1,
(nimble swimmer 1), tentacles, beak, poison resistance, screaming 1
a: Renounce Religion, Potion Petition, Call Merchant, Bribe Branch


You were on level 7 of the Dungeon.
You worshipped Gozag.
Gozag was most pleased with you.
You visited 2 branches of the dungeon, and saw 9 of its levels.
You also visited: Sewer.

You collected 1471 gold pieces.
You paid 5 gold pieces to Gozag.

Inventory:

Hand Weapons
 c - the +4 falchion "Vubyh Poukh" {drain, *Noise rElec Will- Dex+8}
   (You found it on level 8 of the Dungeon)

   Dex:       It affects your dexterity (+8).
   rElec:     It insulates you from electricity.
   *Noise:    It may make noises in combat.
   Will:      It decreases your willpower.
 r - the +4 spear of Dihops {freeze, rC++ Dex+6}
   (You found it on level 5 of the Dungeon)

   Dex:       It affects your dexterity (+6).
   rC:        It greatly protects you from cold.
 s - the +12 pair of quick blades "Gyre" and "Gimble" (weapon) {protect}
   (You found it on level 7 of the Dungeon)
 v - a +1 dagger of venom
 O - a +2 vampiric trident
Missiles
 n - 6 boomerangs (quivered)
 B - 3 throwing nets
 F - 6 javelins
 I - 3 curare-tipped darts
Jewellery
 j - a ring of wizardry (left tentacle)
 o - a ring of willpower (right tentacle)
 p - a ring of willpower (on tentacle)
 q - an amulet of regeneration (around mantle)
 K - a ring of positive energy (on tentacle)
 Q - a +6 ring of intelligence (on tentacle)
Wands
 f - a wand of digging (2)
 w - a wand of flame (21)
 G - a wand of roots (5)
 J - a wand of light (6)
 L - a wand of mindburst (21)
 N - a wand of paralysis (14)
Scrolls
 a - a scroll of enchant armour
 b - 2 scrolls of fog
 i - 5 scrolls of magic mapping
 l - a scroll of blinking
 y - 2 scrolls of brand weapon
 z - 2 scrolls of enchant weapon
 A - 2 scrolls of poison
 D - 4 scrolls of silence
 E - 2 scrolls of teleportation
 P - a scroll of vulnerability {unknown}
Potions
 e - a potion of attraction {unknown}
 g - 3 potions of flight
 k - a potion of mutation
 m - 2 potions of magic
 t - 2 potions of lignification {unknown}
 u - 2 potions of brilliance {unknown}
 x - a potion of ambrosia {unknown}
 H - 2 potions of might {unknown}
 M - a potion of invisibility {unknown}


   Skills:
 * Level 7.6 Fighting
 + Level 3.1(5.9) Short Blades
 + Level 7.8(8.1) Long Blades
 + Level 1.5 Polearms
 + Level 2.9 Throwing
 * Level 6.4 Dodging
 + Level 10.0 Stealth
 * Level 5.0 Spellcasting
 + Level 0.2 Evocations


You had 19 spell levels left.
You didn't know any spells.
Your spell library contained the following spells:

 Spells                   Type           Power      Damage    Failure   Level
 Sandblast                Erth           10%        2d5       4%          1
 Lesser Beckoning         Tloc           10%        N/A       6%          2
 Passwall                 Tmut/Erth      4%         N/A       6%          2
 Gell's Gravitas          Tloc           5%         N/A       12%         3
 Stone Arrow              Conj/Erth      10%        3d7       12%         3
 Teleport Other           Tloc           5%         N/A       12%         3
 Conjure Ball Lightning   Conj/Air       2%         3x3d6     99%         6
 Discord                  Hex            2%         N/A       100%        8
 Disjunction              Tloc           2%         N/A       100%        8


Dungeon Overview and Level Annotations

Branches:
Dungeon (8/15)             Temple (1/1) D:5           Sewer (visited)
   Lair: D:8-11

Altars:
Ashenzari
Cheibriados
Dithmenos
Fedhas
Gozag
Kikubaaqudgha
Makhleb
Nemelex Xobeh
Okawaru
Qazlal
Ru
Sif Muna
Trog
Uskayaw
Vehumet
Wu Jian
Xom
Yredelemnul
Zin
The Shining One

Shops:
D:4 (   D:6 [

Annotations:
D:3 3 runed translucent doors, BlasphemerAmon's ghost, weakling OpBr
D:4 Ijyb
D:6 Maggie
D:7 two 2 headed ogres, patfeehan111222's ghost, novice DsBe


Innate Abilities, Weirdness & Mutations

You cannot wear most types of armour.
You are amphibious.
You can wear up to eight rings at the same time.
Your skin changes colour to match your surroundings (Stealth+).
Your rubbery body absorbs attacks. (AC +1, EV +1)
((You are camouflaged when in or above water. (Stealth+)))
You have tentacles for arms and can constrict up to eight enemies at once.
You have a beak for a mouth.
Your system is resistant to poisons. (rPois)
You occasionally shout uncontrollably at your foes.


Message History

You grab the gnoll sergeant.
You squeeze the gnoll sergeant, but do no damage.
You hit the gnoll sergeant.
You constrict the gnoll sergeant, but do no damage.
As you read the scroll labelled ZYNIET NAOZUWN, it crumbles to dust.
You feel strangely unstable.
It was a scroll of teleportation.
You constrict the gnoll sergeant. The wolf bites you.
* * * LOW HITPOINT WARNING * * *
The gnoll sergeant hits you but does no damage.
The wolf is distracted by your dazzling golden aura.
The gnoll sergeant hits you with a +5 vampiric trident.
* * * LOW HITPOINT WARNING * * *
The gnoll barely misses you.
Press: ? - help, v - describe, . - travel
Here: a gnoll sergeant, wielding a +5 vampiric trident and wearing a +0 ring mail (lightly wounded, constricted by you)
An open translucent door.
The wolf howls!
You puncture the gnoll sergeant!
You peck the gnoll sergeant, but do no damage.
You hit the gnoll sergeant.
You constrict the gnoll sergeant, but do no damage.
You hear a howl!
You feel better.
You constrict the gnoll sergeant, but do no damage.
The gnoll sergeant hits you from afar with the +7 spear of Stained Subterfuge {pain, Dex+3}.
* * * LOW HITPOINT WARNING * * *
The gnoll sergeant hits you with a +5 vampiric trident!
* * * LOW HITPOINT WARNING * * *
The gnoll sergeant draws strength from your wounds!
The gnoll closely misses you.
Okay, then.
You hit the gnoll sergeant.
You squeeze the gnoll sergeant, but do no damage.
You hit the gnoll sergeant but do no damage.
You constrict the gnoll sergeant.
The gnoll hits you from afar with a +0 spear.
* * * LOW HITPOINT WARNING * * *
The gnoll sergeant hits you with a +5 vampiric trident!
You die...
Your body crumbles into a pile of gold.

...........................# #.##
.≈≈≈≈≈≈≈≈≈≈≈...≈≈≈≈≈≈≈≈≈≈≈.# #.#
.≈≈≈≈≈≈≈≈≈≈≈...≈≈≈≈≈≈≈≈≈≈≈.###.#
.≈≈#####)..........#####≈≈.....##
.≈≈#h8.#.###.©.###.#g8.#≈≈.##..#.
.≈≈#!..###©#####.###...#≈≈...#.#.
.≈≈###.gg.$......g...###≈≈.......
.≈≈.8#.######g###g##.#8.≈≈.[.....
.≈≈.##.#..h#8$.#@..#.##.≈≈.......
.~~.#..h..:#gggh...'..#.~~.......
.≈≈.##.#$$=#8.g#...#.##.≈≈..##...
.≈≈.8#.######'###'##.#8.≈≈..##...
.≈≈###...............###≈≈..##...
.≈≈#...###.#####.###...#≈≈.###.##
.≈≈#.8W#.###.©)###.#.8$#≈≈.# #.#
.≈≈#####.).........#####≈≈.# #.#
.≈≈≈≈≈≈≈≈≈≈≈≈~≈≈≈≈≈≈≈≈≈≈≈≈.###.#


You could see 2 gnoll sergeants, a wolf and 4 gnolls.

Vanquished Creatures
  2 two-headed ogres (D:7)
  A spriggan (D:7)
  Eustachio (D:5)
  6 yaks (D:8)
  Grum (D:7)
  A steam dragon (D:8)
  A water moccasin (D:8)
  A black bear (D:6)
  2 ice beasts
  An ogre (D:5)
  A wolf (D:7)
  A centaur (D:7)
  2 phantoms
  A gnoll sergeant (D:8)
  3 bullfrogs
  A scorpion (D:6)
  9 wights (D:8)
  2 howler monkeys (D:7)
  2 jellies
  A hound (D:6)
  3 orc priests
  2 gnoll boudas
  An iguana (D:4)
  3 sleepcaps
  3 orc wizards
  12 gnolls
  5 adders
  A shadow imp (D:8)
  A white imp (D:5)
  An ufetubus (D:5)
  22 orcs
  7 ball pythons
  6 bats
  7 endoplasms
  5 giant cockroaches
  9 goblins
  4 hobgoblins
  3 jackals (D:3)
  4 kobolds
  10 quokkas
  5 frilled lizards
  4 rats
158 creatures vanquished.

Vanquished Creatures (others)
  6 plants (D:7)
6 creatures vanquished.

Grand Total: 164 creatures vanquished

Notes
Turn   | Place    | Note
-------+----------+-------------------------------------------
     0 | D:5      | Esekla the Octopode Delver began the quest for the Orb.
     0 | D:5      | Reached XP level 1. HP: 16/16 MP: 1/1
    43 | D:5      | Noticed an ogre
    58 | D:5      | Found a staircase to the Ecumenical Temple.
    86 | Temple   | Entered the Ecumenical Temple
    86 | Temple   | Found a transporter.
    86 | Temple   | Found a transporter.
    88 | Temple   | Found a transporter.
    88 | Temple   | Found a transporter.
   102 | Temple   | Became a worshipper of Gozag Ym Sagoz the Greedy
   292 | D:5      | Noticed Eustachio
   354 | D:5      | Noticed a sleepcap
   355 | D:5      | Noticed an ice beast
   355 | D:5      | Noticed a jelly
   356 | D:5      | Noticed an orc priest
   470 | D:4      | Reached XP level 2. HP: 21/21 MP: 2/2
   551 | D:4      | Noticed a phantom
   575 | D:4      | Found Zehes's Weapon Shop.
   624 | D:4      | Found a glowing drain.
   632 | D:4      | Reached skill level 7 in Stealth
   637 | Sewer    | Entered a sewer
   658 | Sewer    | Reached XP level 3. HP: 14/26 MP: 4/4
   798 | Sewer    | Noticed Pargi
  1192 | Sewer    | Gained mutation: Your system is resistant to poisons.
                  | (rPois) [potion of mutation]
  1192 | Sewer    | Gained mutation: You have a beak for a mouth. [potion of
                  | mutation]
  1192 | Sewer    | Gained mutation: You occasionally shout uncontrollably at
                  | your foes. [potion of mutation]
  1397 | D:4      | Reached skill level 1 in Spellcasting
  1527 | D:3      | Reached XP level 4. HP: 31/31 MP: 5/5
  1633 | D:4      | Noticed Ijyb
  1651 | D:3      | Found a runed translucent gate.
  1651 | D:3      | Found a runed translucent gate.
  1651 | D:3      | Found a runed translucent gate.
  1651 | D:3      | Noticed a kobold brigand
  1651 | D:3      | Noticed BlasphemerAmon's ghost (weakling OpBr)
  1869 | D:2      | Reached XP level 5. HP: 34/36 MP: 6/6
  1968 | D:2      | Found a faded altar of an unknown god.
  2332 | D:2      | Reached skill level 1 in Short Blades
  4139 | D:5      | Reached XP level 6. HP: 17/42 MP: 8/8
  4354 | D:4      | Found an ornate altar of the Wu Jian Council.
  4361 | D:4      | Noticed a spectral centipede
  4361 | D:4      | Noticed a spectral black mamba
  4361 | D:4      | Noticed a spectral cane toad
  4390 | D:5      | Noticed a sky beast
  4395 | D:5      | Reached skill level 8 in Stealth
  4667 | D:5      | Killed Eustachio
  4668 | D:5      | Reached XP level 7. HP: 38/48 MP: 10/10
  4892 | D:4      | HP: 1/48 [ice beast (13)]
  4991 | D:5      | Identified the +4 spear of Dihops {freeze, rC++ Dex+6}
  5253 | D:6      | Noticed Maggie
  5302 | D:6      | Reached skill level 5 in Long Blades
  5302 | D:6      | Reached XP level 8. HP: 27/54 MP: 10/12
  5348 | D:6      | Found a glowing golden altar of the Shining One.
  5515 | D:6      | Found Zumuv's Antique Armour Shoppe.
  5659 | D:6      | Reached skill level 1 in Throwing
  6232 | D:7      | HP: 1/54 [bullfrog (7)]
  6234 | D:7      | Reached skill level 5 in Fighting
  6577 | D:7      | Found a shadowy altar of Dithmenos.
  6577 | D:7      | Found a blossoming altar of Fedhas.
  6588 | D:7      | Found a basalt altar of Yredelemnul.
  6603 | D:7      | Found a burning altar of Makhleb.
  6656 | D:7      | Noticed a two-headed ogre
  6661 | D:7      | Noticed a spriggan
  6666 | D:7      | Noticed Grum
  6680 | D:7      | Identified the +7 spear of Stained Subterfuge {pain, Dex+3}
  6680 | D:7      | Identified the +0 buckler of Ashenzari's Pride {rPois}
  6690 | D:7      | Noticed patfeehan111222's ghost (novice DsBe)
  6721 | D:7      | Reached XP level 9. HP: 61/61 MP: 14/14
  6758 | D:7      | Identified the +1 leather armour "Qotits" {Fly rF+ Will-
                  | Str+9}
  6768 | D:7      | Found a transporter.
  6770 | D:7      | Found a transporter.
  6822 | D:7      | Noticed a two-headed ogre
  6914 | D:7      | Reached skill level 5 in Dodging
  7139 | D:7      | Found the +12 pair of quick blades "Gyre" and "Gimble"
                  | {protect}
  7736 | D:8      | Reached skill level 1 in Polearms
  7748 | D:8      | Reached skill level 9 in Stealth
  7862 | D:8      | Identified the +4 falchion "Vubyh Poukh" {drain, *Noise
                  | rElec Will- Dex+8}
  8033 | D:8      | Reached XP level 10. HP: 65/71 MP: 16/16
  8279 | D:7      | Killed a two-headed ogre
  8348 | D:7      | Killed a two-headed ogre
  8440 | D:7      | Reached skill level 5 in Spellcasting
  8450 | D:7      | Killed Grum
  8451 | D:7      | Reached skill level 10 in Stealth
  8518 | D:7      | Slain by a gnoll sergeant

Illustrated notes

Levels and vault maps discovered:
D:1:      psy_arrival_radial02, layout_loops_ring, serial_bayou_crossing
D:2:      layout_basic, ebering_ecumenical_altar_box, minmay_pentomino_r4
D:3:      layout_rooms, gammafunk_ghost_nasty_kobolds
D:4:      layout_cave_pools, pdpol_wu_jian_five_deadly_venoms, serial_shops,
          nicolae_shop_bloodbath_and_beyond, gup_sewer_entry_pipe,
          minmay_unequal, uniq_ijyb
D:5:      layout_rooms, minmay_temple_entry_stoned_glass, uniq_eustachio
D:6:      layout_basic, worldfamousw_hep_ancestral_shrine, kennysheep_mini_moat,
          serial_shops, nicolae_shop_advertising_works
          [nicolae_subvault_shop_adworks], minmay_misc_feat_doors, uniq_maggie
D:7:      layout_rooms, grunt_temple_overflow_cloverleaf,
          gammafunk_ghost_gnarly_gnolls, minivault_1,
          hellmonk_guarded_unrand_gyre_and_gimble
D:8:      layout_basic, chequers_serial_rivers_large_a
Temple:   hellmonk_temple_divided_pantheon

Skill      XL: |  1  2  3  4  5  6  7  8  9 10 |
---------------+-------------------------------+-----
Stealth        | 7 8 9 10 | 10.0
Spellcasting   | 1 2 3 4 5 |  5.0
Long Blades    | 3 4 5 6 7 |  7.8
Short Blades   | 1 2 3 |  3.1
Dodging        | 3 4 5 6 |  6.4
Fighting       | 4 5 7 |  7.6
Throwing       | 1 2 |  2.9
Polearms       | 1 |  1.5
Evocations     | |  0.2

Action                     |  1- 3 |  4- 6 |  7- 9 | 10-12 || total
---------------------------+-------+-------+-------+-------++-------
  Melee: Falchion          |    37 |    83 |       |       ||   120
         Constrict         |     8 |    29 |    30 |     8 ||    75
         Short sword       |     8 |       |       |       ||     8
         Tentacles         |     6 |    19 |    43 |     8 ||    76
         Peck              |     4 |    31 |    43 |     5 ||    83
         Dagger            |     1 |    41 |    25 |       ||    67
         Scimitar          |       |    15 |    90 |       ||   105
         Punch             |       |       |     5 |       ||     5
         Spear             |       |       |    10 |       ||    10
         Pair of quick bla |       |       |    50 |    17 ||    67
  Throw: Boomerang         |       |     8 |     7 |     2 ||    17
         Javelin           |       |       |     9 |    13 ||    22
         Dart              |       |       |       |     3 ||     3
  Evoke: Wand              |     1 |       |     1 |       ||     2
    Use: Scroll            |     3 |     1 |    11 |     1 ||    16
         Potion            |     3 |       |     7 |     1 ||    11
   Stab: Sleeping          |    10 |    18 |     4 |       ||    32
         Distracted        |       |     1 |     2 |       ||     3
         Held in net/web   |       |       |       |     1 ||     1
 Armour: Skin              |     9 |    13 |    13 |     1 ||    36
  Dodge: Dodged            |    45 |    88 |   123 |    13 ||   269

Table legend: (Time is in decaauts)
 A = Elapsed time spent in this place.
 B = Non-inter-level travel time spent in this place.
 C = Inter-level travel time spent in this place.
 D = Time resting spent in this place.
 E = Time spent auto-exploring this place.
 F = Levels seen in this place.
 G = Mean time per level.
                   A        B        C        D        E       F      G
               +--------+--------+--------+--------+--------+-----+--------+
         Total |   8488 |   8350 |    138 |   1044 |   2086 |  10 |  848.8 |
       Dungeon |   7595 |   7457 |    138 |    716 |   2086 |   8 |  949.4 |
        Temple |    141 |    141 |      0 |    100 |      0 |   1 |  141.0 |
         Sewer |    751 |    751 |      0 |    228 |      0 |   1 |  751.0 |
               +--------+--------+--------+--------+--------+-----+--------+

Top non-repeatable levels by time:
     D:6: 1418 daAuts
     D:7: 1030 daAuts
     D:8: 964 daAuts
     D:4: 918 daAuts
     D:5: 904 daAuts
     D:1: 852 daAuts
     D:3: 761 daAuts
   Sewer: 751 daAuts
     D:2: 744 daAuts
  Temple: 141 daAuts
